[ AOE2 MATCH · #459799323 ]
UnrankedFranks vs Mongols
[ REPLAY ANALYSIS · EXTRACTED FROM THE RECORDED GAME ]
Feudal
12:24
Castle
19:31
Imperial
—
| APM avg | 34.9 |
| APM peak | 93 |
| eAPM avg | 17.4 |
| Villagers / military | 30 / 0 |
Focus
⚔️ 32.9% · 🌾 67.1%
Unknown (2626) ×15 · Fishing Ship ×12 · Trade Cog ×1
Feudal
11:32
Castle
20:46
Imperial
—
| APM avg | 25.7 |
| APM peak | 59 |
| eAPM avg | 12.1 |
| Villagers / military | 24 / 5 |
Focus
⚔️ 17.4% · 🌾 82.6%
Fishing Ship ×7 · Spearman ×3 · Scout Cavalry ×2
Feudal
9:00
Castle
—
Imperial
—
| APM avg | 64.5 |
| APM peak | 117 |
| eAPM avg | 27.3 |
| Villagers / military | 35 / 25 |
Focus
⚔️ 36.9% · 🌾 63.1%
Archer ×12 · Scout Cavalry ×12 · Fishing Ship ×7 · Spearman ×1
Feudal
8:56
Castle
17:09
Imperial
—
| APM avg | 54.1 |
| APM peak | 90 |
| eAPM avg | 27.9 |
| Villagers / military | 41 / 15 |
Focus
⚔️ 28.8% · 🌾 71.2%
Fishing Ship ×13 · Unknown (2626) ×12 · Fire Galley ×7 · Galley ×3 · Spearman ×3 · Archer ×2
Match map
Initial resources + every placement click. Lines = walls · curves = elevation contours. ◆ gold · ⬟ stone · ● berries · ✦ relic · ◌ wall gap
Your base· ✓ Map-separated
Dr Kill's base· ✓ Map-separated
MauV's base· ✓ Map-separated
Doak's base· ✓ Map-separated
Smoothed initial terrain · ◌ = detected wall gap · hover for details
Inputs per minute
— Zappa - - Dr Kill
Build order — Zappa
90 actions detected in the replay
| 0:24 | Build | House |
| 0:29 | Build | House |
| 0:36 | Build | Dock |
| 1:17 | Create | Fishing Ship |
| 2:23 | Create | Fishing Ship |
| 3:08 | Build | Town Center |
| 3:23 | Create | Fishing Ship |
| 3:47 | Build | House |
| 4:34 | Create | Villager (Male) |
| 4:34 | Create | Villager (Male) |
| 4:34 | Create | Villager (Male) |
| 4:34 | Create | Villager (Male) |
| 4:34 | Create | Villager (Male) |
| 4:42 | Create | Villager (Male) |
| 4:43 | Create | Villager (Male) |
| 4:43 | Create | Villager (Male) |
| 5:07 | Create | Villager (Male) |
| 5:07 | Create | Villager (Male) |
| 5:25 | Create | Fishing Ship |
| 5:25 | Create | Fishing Ship |
| 5:48 | Build | House |
| 6:28 | Create | Villager (Male) |
| 6:34 | Build | Dock |
| 6:46 | Create | Fishing Ship |
| 6:52 | Build | House |
| 7:29 | Build | Dock |
| 7:34 | Create | Villager (Male) |
| 7:59 | Create | Fishing Ship |
| 8:01 | Create | Fishing Ship |
| 8:02 | Create | Fishing Ship |
| 8:10 | Create | Fishing Ship |
| 8:13 | Create | Villager (Male) |
| 8:36 | Create | Fishing Ship |
| 8:36 | Create | Fishing Ship |
| 8:38 | Create | Villager (Male) |
| 9:22 | Build | Mill |
| 9:32 | Create | Villager (Male) |
| 9:39 | Build | House |
| 10:14 | Research | Feudal Age |
| 10:14 | Research | Feudal Age |
| 10:14 | Research | Feudal Age |
| 10:16 | Research | Loom |
| 10:42 | Build | House |
| 11:36 | Build | Mining Camp |
| 11:39 | Create | Villager (Male) |
| 11:39 | Create | Villager (Male) |
| 12:24 | Age | Feudal Age |
| 12:26 | Create | Villager (Male) |
| 12:36 | Create | Trade Cog |
| 12:38 | Create | Unit 2626 |
| 12:39 | Create | Unit 2626 |
| 12:48 | Create | Unit 2626 |
| 12:52 | Create | Villager (Male) |
| 12:52 | Create | Villager (Male) |
| 13:41 | Create | Unit 2626 |
| 13:41 | Create | Unit 2626 |
| 13:42 | Create | Villager (Male) |
| 13:43 | Create | Villager (Male) |
| 14:12 | Create | Villager (Male) |
| 14:43 | Create | Unit 2626 |
| 14:43 | Create | Unit 2626 |
| 15:42 | Create | Unit 2626 |
| 15:42 | Create | Unit 2626 |
| 15:54 | Create | Villager (Male) |
| 15:54 | Create | Villager (Male) |
| 15:58 | Build | Lumber Camp |
| 16:02 | Build | Market |
| 16:05 | Build | Blacksmith |
| 16:09 | Build | Mining Camp |
| 16:42 | Research | Double-Bit Axe |
| 16:47 | Build | Mining Camp |
| 16:51 | Research | Castle Age |
| 16:57 | Create | Unit 2626 |
| 16:57 | Create | Unit 2626 |
| 17:17 | Build | House |
| 17:48 | Create | Unit 2626 |
| 17:49 | Create | Unit 2626 |
| 17:56 | Build | House |
| 17:58 | Build | House |
| 18:18 | Create | Villager (Male) |
| 18:18 | Create | Villager (Male) |
| 18:52 | Create | Unit 2626 |
| 18:52 | Create | Unit 2626 |
| 19:31 | Age | Castle Age |
| 19:47 | Research | War Galley (upgrade) |
| 19:55 | Research | Bow Saw |
| 20:17 | Create | Villager (Male) |
| 20:17 | Create | Villager (Male) |
| 20:43 | Build | Castle |
| 20:55 | Create | Villager (Male) |
Build order — Dr Kill
61 actions detected in the replay
| 0:25 | Build | Dock |
| 0:59 | Build | House |
| 2:31 | Build | Town Center |
| 3:01 | Create | Fishing Ship |
| 3:06 | Build | House |
| 3:16 | Create | Fishing Ship |
| 3:42 | Create | Villager (Male) |
| 3:43 | Create | Villager (Male) |
| 4:05 | Research | Loom |
| 4:13 | Create | Fishing Ship |
| 4:38 | Create | Villager (Male) |
| 5:18 | Create | Villager (Male) |
| 5:50 | Create | Villager (Male) |
| 5:50 | Create | Villager (Male) |
| 6:25 | Build | Mill |
| 6:28 | Build | House |
| 6:41 | Create | Villager (Male) |
| 6:41 | Create | Villager (Male) |
| 6:44 | Create | Fishing Ship |
| 6:45 | Create | Fishing Ship |
| 7:07 | Build | House |
| 7:36 | Build | Mill |
| 8:07 | Create | Villager (Male) |
| 8:07 | Create | Villager (Male) |
| 8:10 | Create | Fishing Ship |
| 8:30 | Create | Villager (Male) |
| 8:35 | Create | Fishing Ship |
| 8:38 | Build | House |
| 8:42 | Build | Lumber Camp |
| 9:19 | Research | Feudal Age |
| 10:12 | Build | Mining Camp |
| 10:41 | Build | Palisade Wall |
| 10:52 | Create | Villager (Male) |
| 11:07 | Build | House |
| 11:32 | Age | Feudal Age |
| 12:03 | Build | Barracks |
| 12:33 | Create | Villager (Male) |
| 12:44 | Create | Spearman |
| 12:44 | Create | Spearman |
| 13:55 | Create | Villager (Male) |
| 14:05 | Build | Watch Tower |
| 14:29 | Build | Stable |
| 14:50 | Create | Villager (Male) |
| 14:51 | Create | Villager (Male) |
| 15:13 | Create | Villager (Male) |
| 15:14 | Create | Villager (Male) |
| 15:29 | Build | Stable |
| 16:05 | Create | Villager (Male) |
| 16:46 | Create | Scout Cavalry |
| 16:46 | Create | Scout Cavalry |
| 17:03 | Build | Blacksmith |
| 17:19 | Create | Spearman |
| 17:41 | Create | Villager (Male) |
| 18:02 | Research | Castle Age |
| 18:27 | Create | Villager (Male) |
| 18:27 | Create | Villager (Male) |
| 18:59 | Create | Villager (Male) |
| 19:23 | Create | Villager (Male) |
| 19:33 | Research | Bloodlines |
| 20:46 | Age | Castle Age |
| 21:14 | Research | Fletching |
Build order — MauV
127 actions detected in the replay
| 0:13 | Build | Dock |
| 0:42 | Build | House |
| 0:44 | Build | House |
| 1:11 | Create | Fishing Ship |
| 2:16 | Build | Town Center |
| 3:17 | Create | Villager (Male) |
| 3:17 | Create | Villager (Male) |
| 3:18 | Create | Villager (Male) |
| 3:29 | Create | Fishing Ship |
| 3:55 | Create | Fishing Ship |
| 3:56 | Create | Fishing Ship |
| 3:56 | Create | Fishing Ship |
| 4:09 | Create | Villager (Male) |
| 4:35 | Build | House |
| 4:46 | Create | Villager (Male) |
| 4:59 | Create | Villager (Male) |
| 5:18 | Create | Fishing Ship |
| 5:34 | Create | Villager (Male) |
| 6:08 | Research | Loom |
| 6:08 | Research | Loom |
| 6:16 | Build | Lumber Camp |
| 6:50 | Research | Feudal Age |
| 6:51 | Research | Feudal Age |
| 6:51 | Research | Feudal Age |
| 7:31 | Build | Barracks |
| 7:36 | Build | House |
| 8:03 | Create | Fishing Ship |
| 8:23 | Create | Villager (Male) |
| 9:00 | Age | Feudal Age |
| 9:02 | Build | Stable |
| 9:03 | Research | Double-Bit Axe |
| 9:04 | Research | Double-Bit Axe |
| 9:13 | Create | Villager (Male) |
| 9:33 | Create | Villager (Male) |
| 9:54 | Create | Villager (Male) |
| 9:56 | Create | Scout Cavalry |
| 9:57 | Create | Scout Cavalry |
| 10:09 | Build | Mill |
| 10:15 | Build | House |
| 10:17 | Create | Scout Cavalry |
| 10:18 | Create | Villager (Male) |
| 10:47 | Create | Villager (Male) |
| 11:11 | Create | Villager (Male) |
| 11:24 | Create | Villager (Male) |
| 11:31 | Build | Farm |
| 11:33 | Build | Farm |
| 11:36 | Create | Scout Cavalry |
| 12:19 | Create | Villager (Male) |
| 12:24 | Create | Scout Cavalry |
| 12:33 | Build | House |
| 12:37 | Create | Villager (Male) |
| 12:46 | Build | Archery Range |
| 13:07 | Create | Villager (Male) |
| 13:27 | Build | Palisade Wall |
| 13:43 | Create | Villager (Male) |
| 13:44 | Create | Villager (Male) |
| 13:56 | Build | Watch Tower |
| 13:57 | Create | Archer |
| 14:00 | Create | Villager (Male) |
| 14:14 | Build | Outpost |
| 14:20 | Create | Scout Cavalry |
| 14:23 | Create | Villager (Male) |
| 14:24 | Create | Archer |
| 14:27 | Build | Palisade Wall |
| 14:29 | Build | Palisade Wall |
| 14:34 | Build | House |
| 14:50 | Build | House |
| 14:55 | Create | Scout Cavalry |
| 14:56 | Create | Villager (Male) |
| 14:57 | Create | Archer |
| 15:14 | Create | Villager (Male) |
| 15:22 | Create | Scout Cavalry |
| 15:23 | Create | Villager (Male) |
| 15:27 | Create | Archer |
| 15:39 | Build | House |
| 15:42 | Build | Blacksmith |
| 15:48 | Create | Archer |
| 15:58 | Research | Wheelbarrow |
| 15:58 | Research | Wheelbarrow |
| 16:03 | Create | Archer |
| 16:23 | Build | Farm |
| 16:33 | Create | Scout Cavalry |
| 16:36 | Build | Farm |
| 16:53 | Create | Archer |
| 16:57 | Create | Villager (Male) |
| 17:01 | Build | Farm |
| 17:13 | Create | Scout Cavalry |
| 17:16 | Build | Farm |
| 17:18 | Create | Archer |
| 17:36 | Build | Mill |
| 17:42 | Create | Villager (Male) |
| 17:45 | Build | Farm |
| 17:55 | Create | Villager (Male) |
| 17:58 | Build | House |
| 18:00 | Build | House |
| 18:06 | Create | Archer |
| 18:12 | Create | Spearman |
| 18:20 | Build | Palisade Wall |
| 18:33 | Create | Archer |
| 18:40 | Create | Villager (Male) |
| 18:54 | Create | Scout Cavalry |
| 18:57 | Create | Archer |
| 18:59 | Research | Fletching |
| 18:59 | Research | Fletching |
| 19:14 | Create | Villager (Male) |
| 19:23 | Create | Villager (Male) |
| 19:28 | Build | Farm |
| 19:28 | Build | Farm |
| 19:28 | Build | Farm |
| 19:34 | Build | Farm |
| 19:40 | Create | Scout Cavalry |
| 19:43 | Create | Archer |
| 19:47 | Create | Villager (Male) |
| 20:05 | Create | Villager (Male) |
| 20:06 | Build | Farm |
| 20:15 | Research | Bloodlines |
| 20:15 | Research | Bloodlines |
| 20:45 | Research | Town Watch |
| 20:49 | Build | House |
| 20:50 | Build | House |
| 21:19 | Create | Villager (Male) |
| 21:20 | Create | Villager (Male) |
| 21:21 | Build | Farm |
| 21:22 | Build | Farm |
| 21:22 | Build | Farm |
| 21:24 | Build | Farm |
| 21:28 | Build | Farm |
Build order — Doak
120 actions detected in the replay
| 0:20 | Build | Dock |
| 0:38 | Build | House |
| 0:39 | Build | House |
| 1:30 | Build | Town Center |
| 2:01 | Create | Fishing Ship |
| 2:01 | Create | Fishing Ship |
| 2:25 | Create | Villager (Male) ×4 |
| 2:25 | Create | Villager (Male) ×4 |
| 2:58 | Create | Fishing Ship |
| 2:58 | Create | Fishing Ship |
| 2:58 | Create | Fishing Ship |
| 3:16 | Create | Villager (Male) |
| 3:17 | Create | Villager (Male) |
| 3:30 | Create | Fishing Ship |
| 3:52 | Build | Palisade Wall |
| 3:56 | Build | House |
| 4:02 | Build | House |
| 4:15 | Build | House |
| 4:23 | Create | Villager (Male) |
| 4:24 | Create | Fishing Ship |
| 4:37 | Build | House |
| 4:47 | Create | Villager (Male) |
| 5:01 | Create | Fishing Ship |
| 5:06 | Create | Villager (Male) |
| 5:14 | Build | House |
| 5:35 | Create | Fishing Ship |
| 5:46 | Create | Villager (Male) |
| 5:52 | Create | Fishing Ship |
| 5:54 | Build | House |
| 6:08 | Create | Villager (Male) |
| 6:31 | Create | Villager (Male) |
| 6:50 | Research | Loom |
| 7:23 | Build | Mining Camp |
| 7:27 | Build | Lumber Camp |
| 7:38 | Research | Feudal Age |
| 7:38 | Research | Feudal Age |
| 7:48 | Build | Dock |
| 8:03 | Create | Villager (Male) |
| 8:44 | Build | House |
| 8:56 | Age | Feudal Age |
| 8:57 | Create | Unit 2626 |
| 8:58 | Create | Fire Galley |
| 9:05 | Research | Double-Bit Axe |
| 9:05 | Research | Double-Bit Axe |
| 9:20 | Build | Dock |
| 9:25 | Create | Villager (Male) |
| 9:25 | Create | Villager (Male) |
| 9:28 | Build | Dock |
| 9:52 | Create | Villager (Male) |
| 9:56 | Create | Fire Galley |
| 9:57 | Create | Fire Galley |
| 10:10 | Create | Galley |
| 10:16 | Create | Villager (Male) |
| 10:25 | Build | Mill |
| 10:51 | Create | Fire Galley |
| 10:51 | Create | Fire Galley |
| 10:57 | Build | House |
| 10:58 | Build | House |
| 11:19 | Build | House |
| 11:36 | Create | Villager (Male) |
| 11:43 | Create | Villager (Male) |
| 11:45 | Create | Fire Galley |
| 11:46 | Create | Fire Galley |
| 12:05 | Build | Watch Tower |
| 12:08 | Create | Villager (Male) |
| 12:12 | Build | Market |
| 12:36 | Create | Villager (Male) |
| 12:50 | Create | Galley |
| 12:50 | Create | Galley |
| 12:55 | Build | House |
| 12:57 | Build | Palisade Wall |
| 13:00 | Create | Villager (Male) |
| 13:27 | Create | Villager (Male) |
| 13:46 | Create | Villager (Male) |
| 13:49 | Build | Blacksmith |
| 14:01 | Create | Fishing Ship |
| 14:01 | Create | Fishing Ship |
| 14:01 | Create | Fishing Ship |
| 14:11 | Build | Palisade Wall |
| 14:24 | Build | Barracks |
| 15:05 | Research | Fletching |
| 15:33 | Research | Castle Age |
| 15:33 | Research | Castle Age |
| 15:52 | Create | Villager (Male) |
| 16:16 | Create | Unit 2626 |
| 16:18 | Create | Unit 2626 |
| 16:51 | Create | Villager (Male) |
| 17:09 | Age | Castle Age |
| 17:11 | Build | Archery Range |
| 17:13 | Create | Villager (Male) |
| 17:28 | Create | Villager (Male) |
| 17:36 | Create | Archer |
| 17:36 | Create | Archer |
| 17:46 | Research | Bow Saw |
| 17:46 | Research | Bow Saw |
| 18:18 | Research | Tech 906 |
| 18:19 | Research | War Galley (upgrade) |
| 18:28 | Create | Unit 2626 |
| 18:29 | Create | Unit 2626 |
| 18:38 | Create | Villager (Male) |
| 18:52 | Create | Villager (Male) |
| 19:07 | Create | Villager (Male) |
| 19:15 | Create | Spearman |
| 19:15 | Create | Spearman |
| 19:35 | Create | Villager (Male) |
| 19:41 | Create | Spearman |
| 19:43 | Create | Villager (Male) |
| 19:50 | Research | War Galley (upgrade) |
| 19:50 | Research | War Galley (upgrade) |
| 20:14 | Build | House |
| 20:26 | Create | Unit 2626 |
| 20:26 | Create | Unit 2626 |
| 20:26 | Create | Unit 2626 |
| 20:41 | Create | Villager (Male) |
| 21:04 | Create | Unit 2626 |
| 21:04 | Create | Unit 2626 |
| 21:11 | Create | Villager (Male) |
| 21:11 | Create | Villager (Male) |
| 21:40 | Create | Villager (Male) |
| 21:42 | Create | Unit 2626 ×2 |
Match timeline
| 0:13 | MauV · first_building Dock |
| 0:20 | Doak · first_building Dock |
| 0:25 | Dr Kill · first_building Dock |
| 0:36 | Zappa · first_building Dock |
| 3:52 | Doak · wall_segment Palisade Wall x1 |
| 7:31 | MauV · first_building Barracks |
| 8:56 | Doak · age_up feudal |
| 9:00 | MauV · age_up feudal |
| 9:02 | MauV · first_building Stable |
| 10:41 | Dr Kill · wall_segment Palisade Wall x11 |
| 11:32 | Dr Kill · age_up feudal |
| 12:03 | Dr Kill · first_building Barracks |
| 12:24 | Zappa · age_up feudal |
| 12:46 | MauV · first_building Archery Range |
| 12:57 | Doak · wall_segment Palisade Wall x8 |
| 13:27 | MauV · wall_segment Palisade Wall x1 |
| 14:11 | Doak · wall_segment Palisade Wall x11 |
| 14:24 | Doak · first_building Barracks |
| 14:27 | MauV · wall_segment Palisade Wall x1 |
| 14:29 | Dr Kill · first_building Stable |
| 14:29 | MauV · wall_segment Palisade Wall x1 |
| 15:23 | Doak · first_market_sell 100 wood |
| 15:24 | Doak · first_market_buy 100 food |
| 17:09 | Doak · age_up castle |
| 17:11 | Doak · first_building Archery Range |
| 18:20 | MauV · wall_segment Palisade Wall x1 |
| 19:31 | Zappa · age_up castle |
| 20:43 | Zappa · first_building Castle |
| 20:46 | Dr Kill · age_up castle |
| 21:48 | Doak · resign |
[ AI ANALYSIS · 1 CREDIT ]
What really happened in this match?
Wolo.gg analyzes every decision: build order, eco, micro, common mistakes by bracket. Personalized analysis on WhatsApp or Discord in 30 seconds.
Civ guide
Franks
Perfil
Jugador #6535330